 Dungeon Crawl Stone Soup version 0.31-a0-45-g5f0c076935 (webtiles) character file.

Game seed: 7892948105588396375

39 Majang the Digger (level 3, -4/19 HPs)
             Began as a Gargoyle Earth Elementalist on May 21, 2023.
             Killed from afar by Natasha (7 damage)
             ... with a magic dart
             ... on level 2 of the Dungeon.
             The game lasted 00:05:18 (1292 turns).

Majang the Digger (Gargoyle Earth Elementalist)     Turns: 1292, Time: 00:05:20

Health: -4/19      AC:  5    Str: 11    XL:     3   Next: 45%
Magic:  4/7        EV: 11    Int: 17    God:
Gold:   82         SH:  0    Dex: 10    Spells: 2/8 levels left

rFire   . . .        c - +0 whip
rCold   . . .        (no shield)
rNeg    + . .        a - +0 robe
rPois   ∞            (no helmet)
rElec   +            (no cloak)
rCorr   +            (no gloves)
SInv    .            (no boots)
Will    .....        (no amulet)
Stlth   ++           j - ring of resist corrosion
HPRegen 0.23/turn    (no ring)
MPRegen 0.10/turn

%: no passive effects
@: very slightly contaminated, slowed, very slow
A: sickness immunity, AC +3, negative energy resistance 1, electricity
resistance, torment resistance 1, petrification resistance
a: no special abilities


You were on level 2 of the Dungeon.
You visited 1 branch of the dungeon, and saw 2 of its levels.

You collected 82 gold pieces.

Inventory:

Hand Weapons
 c - a +0 whip (weapon)
Armour
 a - a +0 robe (worn)
Jewellery
 j - a ring of resist corrosion (left hand)
Scrolls
 d - 2 scrolls of identify {unknown}
 f - a scroll of poison {unknown}
 i - a scroll of amnesia {unknown}
Potions
 b - a potion of magic
 e - a potion of curing {unknown}
 g - a potion of degeneration {unknown}
 h - 2 potions of heal wounds {unknown}


   Skills:
 - Level 1.5 Dodging
 - Level 2.1 Stealth
 * Level 3.1 Spellcasting
 + Level 0.0 Conjurations
 - Level 0.7 Transmutations
 + Level 4.2 Earth Magic


You had 2 spell levels left.
You knew the following spells:

 Your Spells              Type           Power      Damage    Failure   Level
a - Sandblast             Erth           34%        2d9       3%          1
b - Stone Arrow           Conj/Erth      18%        3d8       22%         3
w - Passwall              Tmut/Erth      9%         N/A       10%         2

Your spell library contained the following spells:

 Spells                   Type           Power      Damage    Failure   Level
 Kiss of Death            Conj/Necr      8%         2d6       17%         1
 Confusing Touch          Hex            2%         N/A       45%         3
 Petrify                  Tmut/Erth      11%        N/A       52%         4
 Dispel Undead            Necr           2%         3d7       86%         4


Dungeon Overview and Level Annotations

Branches:
Dungeon (2/15)

Altars:

Annotations:
D:2 Natasha


Innate Abilities, Weirdness & Mutations

You are immune to sickness and miasma.
Your stone body is resilient. (AC +3)
You are immune to poison.
You resist negative energy. (rN+)
You are resistant to electric shocks. (rElec)
You are resistant to unholy torment.
You are immune to petrification.


Message History

You see here a scroll labelled EWO WYFFUHU.
The goblin shouts!
You hear an angry hiss.
The blast of sand hits the goblin.
You kill the goblin!
Natasha, Servant of Life and Death comes into view.
Natasha casts a spell.
You see here a scroll labelled EWO WYFFUHU.
Natasha casts a spell at you.
You feel yourself slow down.
Natasha stares at you and mumbles some strange words.
The magic dart hits you.
Natasha casts a spell.
Natasha extends her claws.
Natasha casts a spell at you.
You feel as though you will be slow longer.
Natasha casts a spell.
Natasha casts a spell at you.
You feel as though you will be slow longer.
Natasha mumbles some strange words.
Natasha mumbles some strange words.
You start waiting.
Natasha is nearby!
The blast of sand hits Natasha.
Natasha is moderately wounded.
Natasha casts a spell at you. The magic dart hits you.
Natasha stares at you and mumbles some strange words.
The magic dart hits you. The cerulean imp misses you.
You miscast Sandblast.
You are very lightly contaminated with residual magic.
Nothing appears to happen.
Natasha closely misses you. The cerulean imp barely misses you.
The blast of sand hits Natasha!
Natasha is almost dead.
Natasha claws you!
The cerulean imp hits you from afar with a +1 spear.
* * * LOW HITPOINT WARNING * * *
Natasha casts a spell at you. The magic dart hits you!
You die...

##### #..@#
##############..h######
....†............5..h5#####
##############..5##+#...[.#
#............#.#
#............#.# #
#............h.## ##
#.............5.### ~##
#..........##.#...##


You could see Natasha and 2 cerulean imps.

Vanquished Creatures
  3 bats
  An endoplasm (D:2)
  A giant cockroach (D:1)
  7 goblins
  7 hobgoblins
  3 quokkas (D:1)
  3 ball pythons (D:1)
  A frilled lizard (D:2)
  2 kobolds (D:1)
  7 rats (D:1)
35 creatures vanquished.

Notes
Turn   | Place    | Note
-------+----------+-------------------------------------------
     0 | D:1      | Majang the Gargoyle Earth Elementalist began the quest for
                  | the Orb.
     0 | D:1      | Reached XP level 1. HP: 10/10 MP: 3/3
   131 | D:1      | Reached XP level 2. HP: 15/15 MP: 0/5
   409 | D:1      | Reached skill level 4 in Earth Magic
   588 | D:1      | Reached XP level 3. HP: 19/19 MP: 2/7
  1246 | D:2      | Learned a level 3 spell: Stone Arrow
  1249 | D:2      | Learned a level 2 spell: Passwall
  1268 | D:2      | Noticed Natasha
  1292 | D:2      | Killed from afar by Natasha

Illustrated notes

Levels and vault maps discovered:
D:1:      dpeg_arrival_boxes_within_box, layout_basic
D:2:      kennysheep_big_flooded_room, layout_basic,
          kennysheep_decorative_pillar, minmay_lizard_pond, uniq_natasha

Skill      XL: |  1  2  3 |
---------------+----------+-----
Earth Magic    | 4 |  4.2
Spellcasting   | 3 |  3.1
Dodging        | |  1.5
Stealth        | |  2.1
Transmutations | |  0.7

Action                     || total
---------------------------++-------
  Melee: Whip              ||     5
         Punch             ||     1
   Cast: Sandblast         ||    47
 Armour: Robe              ||     4
  Dodge: Dodged            ||    14

Table legend: (Time is in decaauts)
 A = Elapsed time spent in this place.
 B = Non-inter-level travel time spent in this place.
 C = Inter-level travel time spent in this place.
 D = Time resting spent in this place.
 E = Time spent auto-exploring this place.
 F = Levels seen in this place.
 G = Mean time per level.
                   A        B        C        D        E       F      G
               +--------+--------+--------+--------+--------+-----+--------+
         Total |   1338 |   1293 |     45 |    303 |    346 |   2 |  669.0 |
       Dungeon |   1338 |   1293 |     45 |    303 |    346 |   2 |  669.0 |
               +--------+--------+--------+--------+--------+-----+--------+

Top non-repeatable levels by time:
     D:1: 1088 daAuts
     D:2: 250 daAuts
